 Dungeon Crawl Stone Soup version 0.22-a0-469-gf26638a (webtiles) character file.

190052 Amnesiac the Eclecticist (level 18, -3/99 HPs)
             Began as a Vine Stalker Earth Elementalist on June 12, 2018.
             Was an Initiate of Gozag.
             Slain by a reaper
             ... wielding a +1 scythe of venom
              (13 damage)
             ... in the Vestibule of Hell.
             The game lasted 01:41:40 (29208 turns).

Amnesiac the Eclecticist (VSEE)                    Turns: 29208, Time: 01:41:40

Health: -3/99      AC: 19    Str: 16    XL:     18   Next: 60%
Magic:  0/38       EV: 27    Int: 29    God:    Gozag
Gold:   3686       SH:  6    Dex: 16    Spells: 3/47 levels left

rFire    . . .     SeeInvis .   a - +5 rapier of Shrieking Terror {drain, Int+8}
rCold    + . .     Gourm    .   B - +1 buckler
rNeg     + . .     Faith    .   m - +2 robe {rN+}
rPois    .         Spirit   +   f - +2 hat
rElec    +         Reflect  .   P - +0 cloak
rCorr    +         Harm     .   L - +0 pair of gloves of Cunadayv {rC+ rCorr Str+4}
MR       +++..                  r - +2 pair of boots {run}
Stlth    ++++......             V - amulet of the Air {Inacc +Fly rElec EV+5 RMsl}
HPRegen  1.06/turn              W - ring of Xepoebb {Wiz MR+}
MPRegen  0.26/turn              c - +6 ring of protection

@: repel missiles, quick
A: fangs 3, slimy green scales 1, regeneration 2, screaming 1, magic shield,
antimagic bite, no potion heal 3, rot immunity, MP-powered wands
a: Potion Petition, Call Merchant, Bribe Branch, Renounce Religion, Evoke Flight


You were in the Vestibule of Hell.
You worshipped Gozag.
Gozag was most pleased with you.
You were not hungry.

You visited 6 branches of the dungeon, and saw 23 of its levels.
You also visited: Ice Cave.

You collected 10610 gold pieces.
You spent 5454 gold pieces at shops.
You paid 1470 gold pieces to Gozag.

Inventory:

Hand Weapons
 a - the +5 rapier of Shrieking Terror (weapon) {drain, Int+8}
   (You bought it in a shop on level 2 of the Orcish Mines)

   A truly terrible weapon, it drains the life of those it strikes.
   It affects your intelligence (+8).
Missiles
 p - 625 stones (quivered)
 H - 2 throwing nets
Armour
 f - a +2 hat (worn)
 m - a +2 robe of positive energy (worn)
 q - a +2 robe of fire resistance
 r - a +2 pair of boots of running (worn)
 B - a +1 buckler (worn)
 L - the +0 pair of gloves of Cunadayv (worn) {rC+ rCorr Str+4}
   (You bought it in a shop on level 2 of the Orcish Mines)

   It affects your strength (+4).
   It protects you from cold.
   It protects you from acid and corrosion.
 P - a +0 cloak (worn)
Jewellery
 c - a +6 ring of protection (right hand)
 C - an uncursed ring of resist corrosion
 D - an uncursed ring of protection from fire
 J - the ring "Liprec" {AC+3 Str+3}
   (You found it on level 15 of the Dungeon)

   [ring of protection]

   It affects your AC (+3).
   It affects your strength (+3).
 V - the amulet of the Air (around neck) {Inacc +Fly rElec EV+5 RMsl}
   (You bought it in a shop on level 1 of the Elven Halls)

   [amulet of inaccuracy]

   It reduces the accuracy of all your attacks.
   It affects your evasion (+5).
   It insulates you from electricity.
   It lets you fly.
   It protects you from missiles.
 W - the ring of Xepoebb (left hand) {Wiz MR+}
   (You bought it in a shop on level 1 of the Elven Halls)

   [ring of wizardry]

   It improves your spell success rate.
   It affects your resistance to hostile enchantments.
 X - an uncursed ring of see invisible
Wands
 o - a wand of disintegration (24)
 y - a wand of iceblast (27)
 E - a wand of paralysis (13)
 F - a wand of flame (55)
 I - a wand of acid (23)
 O - a wand of polymorph (11)
 S - a wand of enslavement (41)
 T - a wand of digging (14)
Scrolls
 g - 7 scrolls of remove curse {!r}
 h - 5 scrolls of enchant weapon {!r}
 i - 7 scrolls of teleportation {!r}
 l - 3 scrolls of magic mapping {!r}
 u - 3 scrolls of identify {!r}
 w - 5 scrolls of enchant armour {!r}
 x - 4 scrolls of blinking {!r}
 z - 4 scrolls of fear {!r}
 M - 3 scrolls of fog {!r}
 U - a scroll of torment {!r}
Potions
 e - 9 potions of curing {!q}
 j - 5 potions of flight {!q}
 n - 3 potions of lignification {!q}
 s - 7 potions of might {!q}
 t - 2 potions of haste {!q}
 A - 3 potions of resistance {!q}
 G - 5 potions of mutation {!q}
 K - a potion of ambrosia {!q}
 Q - 3 potions of cancellation {!q}
 R - a potion of brilliance {!q}
Miscellaneous
 k - 2 phantom mirrors
Comestibles
 d - 4 rations


   Skills:
 + Level 12.6 Fighting
 + Level 13.9 Short Blades
 * Level 13.3 Dodging
 - Level 8.0 Stealth
 - Level 4.0 Shields
 - Level 15.0 Spellcasting
 + Level 4.1 Transmutations
 - Level 15.0 Earth Magic


You had 3 spell levels left.
You knew the following spells:

 Your Spells              Type           Power        Failure   Level  Hunger
a - Iron Shot             Conj/Erth      ######....   6%          6    ###....
b - Passwall              Tmut/Erth      ######..     1%          2    None
c - Sandblast             Erth           ######       0%          1    None
d - Lee's Rapid Deconstr  Erth           #######...   1%          5    None
e - Borgnjor's Vile Clut  Necr/Erth      ######....   1%          5    None
f - Summon Lightning Spi  Summ/Air       ###.....     9%          4    None
g - Ozocubu's Armour      Chrm/Ice       ###.....     2%          3    None
h - Shatter               Erth           #######...   86%         9    #######
q - Irradiate             Conj/Tmut      ####......   11%         5    None
w - Petrify               Tmut/Erth      ######..     1%          4    None

Your spell library contained the following spells:

 Spells                   Type           Power        Failure   Level  Hunger
 Cause Fear               Hex            ###.......   9%          4    None
 Fireball                 Conj/Fire      ###.......   24%         5    None
 Bolt of Fire             Conj/Fire      ###.......   77%         6    ###....
 Bolt of Cold             Conj/Ice       ###.......   77%         6    ###....
 Bolt of Magma            Conj/Fire/Erth ######....   3%          5    None
 Slow                     Hex            ###.....     1%          2    None
 Confuse                  Hex            ###.....     2%          3    None
 Throw Frost              Conj/Ice       ###...       1%          2    None
 Freezing Cloud           Conj/Ice/Air   ###.......   77%         6    ###....
 Ring of Flames           Chrm/Fire      ###.......   99%         7    #####..
 Venom Bolt               Conj/Pois      ###.......   24%         5    None
 Summon Small Mammal      Summ           ###.         1%          1    None
 Animate Dead             Necr           N/A          9%          4    None
 Freeze                   Ice            ###.         1%          1    None
 Ozocubu's Refrigeration  Ice            ###.......   77%         6    ###....
 Summon Ice Beast         Ice/Summ       ###.....     9%          4    None
 Call Imp                 Summ           ###.....     1%          2    None
 Regeneration             Chrm/Necr      ###.......   2%          3    None
 Tukima's Dance           Hex            ###.....     2%          3    None
 Stone Arrow              Conj/Erth      ######       1%          3    None
 Recall                   Summ/Tloc      N/A          2%          3    None
 Statue Form              Tmut/Erth      ######...    2%          6    ###....
 Ice Form                 Ice/Tmut       ####....     4%          4    None
 Death Channel            Necr           ###.......   77%         6    ###....
 Deflect Missiles         Chrm/Air       ###.......   77%         6    ###....
 Throw Icicle             Conj/Ice       ###.....     9%          4    None
 Ignite Poison            Fire/Tmut/Pois ####....     1%          3    None
 Sticks to Snakes         Tmut           #####...     1%          2    None
 Call Canine Familiar     Summ           ###.....     2%          3    None
 Ensorcelled Hibernation  Hex/Ice        ###...       1%          2    None
 Metabolic Englaciation   Hex/Ice        ###.......   24%         5    None
 Silence                  Hex/Air        ###.......   24%         5    None
 Corona                   Hex            ###....      1%          1    None
 Simulacrum               Ice/Necr       ###.......   77%         6    ###....
 Portal Projectile        Hex/Tloc       ###...       2%          3    None
 Orb of Destruction       Conj           ###.......   99%         7    #####..
 Leda's Liquefaction      Hex/Erth       ######....   1%          4    None
 Shroud of Golubria       Chrm/Tloc      ###.......   1%          2    None
 Inner Flame              Hex/Fire       ###.....     2%          3    None
 Disjunction              Tloc           ###.......   100%        8    ######.
 Iskenderun's Battlesphe  Conj/Chrm      ###.....     24%         5    None
 Dazzling Spray           Conj/Hex       ###...       2%          3    None
 Force Lance              Conj/Tloc      ###.....     9%          4    None
 Infusion                 Chrm           ###.         1%          1    None
 Song of Slaying          Chrm           ###.....     1%          2    None
 Spectral Weapon          Hex/Chrm       ###.....     2%          3    None
 Discord                  Hex            ###.......   100%        8    ######.
 Summon Guardian Golem    Hex/Summ       ###.....     2%          3    None
 Spellforged Servitor     Conj/Summ      ###.......   99%         7    #####..
 Yara's Violent Unravell  Hex/Tmut       ####......   11%         5    None
 Ignition                 Fire           ###.......   100%        8    ######.


Dungeon Overview and Level Annotations

Branches:
Dungeon (15/15)            Temple (1/1) D:4            Lair (0/6) D:10
    Orc (2/2) D:9             Elf (3/3) Orc:2        Vaults (0/5) D:13
 Depths (1/5) D:15           Hell (1/1)
    Dis: Hell:1         Geh: Hell:1         Coc: Hell:1         Tar: Hell:1

Altars:
Ashenzari
Dithmenos
Elyvilon
Fedhas
Gozag
Hepliaklqana
Kikubaaqudgha
Makhleb
Nemelex Xobeh
Okawaru
Qazlal
Ru
Sif Muna
Trog
Uskayaw
Vehumet
Wu Jian
Xom
Yredelemnul
Zin
The Shining One
Beogh

Shops:
D:11 =   Orc:2 [(*:   Elf:1 (*(=   Elf:2 =

Portals:
Hell: Depths:1

Annotations:
D:4 Edmund
Hell Geryon


Innate Abilities, Weirdness & Mutations

You have razor-sharp teeth.
You heal very quickly.
When hurt, damage is shared between your health and your magic reserves.
Your bite disrupts and absorbs the magic of your enemies.
Potions cannot restore your health.
You are immune to rotting.
You are partially covered in slimy green scales. (AC +2)
You occasionally shout uncontrollably at your foes.
You expend magic power (3 MP) to strengthen your wands.


Message History

The ball of steam misses you.
You are engulfed in a cloud of scalding steam.
A crimson imp comes into view.
The sun demon hits you!
You are engulfed in flames!
* * * LOW HITPOINT WARNING * * *
The sun demon hits you but does no damage.
You hear a loud "Zot"!
A red devil comes into view. It is wielding a trident.
You are engulfed in a cloud of scalding steam.
The hell beast is engulfed in a cloud of scalding steam.
The sun demon completely misses you.
The hell beast is engulfed in a cloud of scalding steam.
You hear a distant "Zot"!
The hell beast is engulfed in a cloud of scalding steam.
The sun demon hits you!!
* * * LOW HITPOINT WARNING * * *
You are engulfed in flames!
* * * LOW HITPOINT WARNING * * *
The green death is engulfed in a cloud of scalding steam.
The hell beast is distracted by the nearby gold. [a] - 600 gold - might, agility, brilliance, heal wounds and curing [b] - 700 gold - resistance, might, haste, curing and magic [c] - 384 gold - heal wounds, curing and magic Purchase which effect?
You feel much better.
You feel better. Magic courses through your body. The sun demon misses you.
A reaper comes into view. It is wielding a scythe of protection.
The hell beast is no longer distracted by gold.
The hell knight looks more healthy.
The crimson imp blinks!
You block the hell beast's attack. The hell beast tramples you!
* * * LOW HITPOINT WARNING * * *
You hold your ground!
The necromancer gestures wildly while chanting.
The necromancer flickers and vanishes!
Deactivating autopickup; reactivate with Ctrl-A.
You hear a distant "Zot"!
The hell beast misses you. The hell beast completely misses you.
The crimson imp blinks!
A sun demon comes into view.
The hell beast bites you but does no damage.
The hell beast tramples you!
* * * LOW HITPOINT WARNING * * *
You stumble backwards!
The hell beast looks more healthy.
The sun demon hits you but does no damage.
The hell beast misses you.
The hell beast tramples you but does no damage.
You shout at the rust devil!
A hell knight, a reaper, a rust devil and a sun demon come into view.
The reaper is wielding a scythe of venom.
The hell knight is wielding a great mace of flaming.
The hell knight shouts!
You hear a shout! x2
You block the hell knight's attack.
A war gargoyle comes into view. It is wielding a flail of protection.
A water elemental comes into view.
You block the hell knight's attack.
A green death comes into view.
The sun demon hits you!!
* * * LOW HITPOINT WARNING * * *
You are engulfed in flames!
* * * LOW HITPOINT WARNING * * *
The reaper shouts, "Die, Amnesiac!"
The reaper hits you from afar with a scythe of venom!!
You die...
Your body crumbles into a pile of gold.

##.......##
##...242.§4## .
##.#...#.3.#.## E.
##....p.#2p3...## .
...##...2.#.#3#.2&..##..
........3..###..2......2
......2.#### ####3...§..
.......3p2.###...$..5§..
...##..@3.#.#.#pp&..##..
.. ##......#.....3## .
##.#...#...#.##
##..4.∩....##
##.9.....## ##.....##
##...## #2..# .....


You could see a hell beast, 2 reapers, a green death, a hell knight, 3 sun
demons, a war gargoyle, a rust devil and a water elemental.

Vanquished Creatures
  Saint Roka (Elf:3)
  A lich (Depths:1)
  3 deep elf blademasters
  2 deep elf master archers (Elf:3)
  A tengu reaver (D:15)
  Agnes (D:15)
  7 deep elf sorcerers
  A fire giant (D:15)
  3 frost giants
  The ghost of Salmacis the Severer, a journeyman FoFi of Okawaru (Orc:2)
  An orc warlord (Orc:2)
  An iron dragon (D:15)
  5 deep elf elementalists
  A reaper (Hell)
  4 stone giants
  8 very ugly things (Depths:1)
  5 deep elf demonologists (Elf:3)
  Nessos (Orc:2)
  4 deep elf annihilators (Elf:3)
  An ettin (D:15)
  5 deep elf death magi
  A yaktaur captain (Depths:1)
  2 deep elf high priests
  A fire dragon (D:15)
  A rakshasa (Depths:1)
  4 vault guards (D:13)
  3 hydras
  Harold (D:10)
  An ice dragon (Depths:1)
  Erolcha (D:9)
  9 centaur warriors
  A hell beast (Depths:1)
  4 ogre magi
  12 two-headed ogres
  A tengu warrior (Depths:1)
  A vampire mage (Depths:1)
  Urug (D:13)
  3 orc high priests
  2 sun demons (Depths:1)
  A soul eater (Hell)
  23 deep elf knights
  A skeletal warrior (D:15)
  A flayed ghost (D:15)
  8 unseen horrors
  6 deep elf archers
  An obsidian statue (Depths:1)
  56 deep elf magi
  A lindwurm (shapeshifter) (D:14)
  A wolf spider zombie (D:15)
  A wolf spider (D:15)
  7 orc sorcerers
  6 orc knights
  6 cyclopes
  11 ugly things
  5 manticores
  2 ice statues (IceCv)
  2 rust devils (Depths:1)
  2 orange demons (Depths:1)
  A spiny frog (shapeshifter) (Depths:1)
  2 yaktaurs (Depths:1)
  2 gargoyles (D:15)
  A kobold demonologist (D:10)
  An efreet (D:15)
  A komodo dragon (D:10)
  An ice devil (Depths:1)
  A harpy zombie (D:15)
  12 trolls
  A merfolk (D:9)
  A jumping spider (shapeshifter) (Depths:1)
  A hornet (shapeshifter) (D:15)
  A slime creature (D:15)
  5 hippogriffs
  2 raiju (shapeshifter)
  2 centaur simulacra (D:15)
  An air elemental (Elf:2)
  A wyvern (D:13)
  3 water elementals (Elf:2)
  A shadow (D:14)
  2 vampires
  A wraith (D:15)
  2 fire elementals
  14 yaks
  4 vampire mosquitoes
  A basilisk (D:13)
  6 hungry ghosts
  5 wargs
  2 acid dragons
  A soldier ant (D:11)
  A water moccasin (D:10)
  Duvessa (D:7)
  45 orc warriors
  A black bear (D:10)
  2 sky beasts (D:7)
  8 ice beasts
  16 ogres
  3 phantoms
  4 boggarts (Depths:1)
  2 crocodiles
  11 centaurs
  3 big kobolds
  15 bullfrogs
  2 earth elementals
  A wyvern skeleton (D:15)
  2 scorpions
  Dowan (D:7)
  6 killer bees (D:7)
  9 wights
  A vampire bat (D:4)
  5 howler monkeys (D:10)
  A bullfrog zombie (D:7)
  3 centaur zombies
  20 crimson imps
  2 iron imps (Depths:1)
  A hound (D:11)
  3 jellies
  11 orc priests
  6 bullfrog skeletons
  2 iguanas
  A jelly (shapeshifter) (D:15)
  9 worker ants
  33 orc wizards
  A killer bee zombie (D:8)
  5 gnolls
  13 adders
  9 shadow imps
  3 white imps (Depths:1)
  2 oozes
  An adder zombie (D:7)
  A worm (D:3)
  A dart slug (D:2)
  4 leopard geckos
  94 orcs
  7 giant cockroaches
  4 goblins
  7 hobgoblins
  14 jackals
  A jackal (shapeshifter) (D:13)
  7 quokkas
  2 ball pythons (D:1)
  15 bats
  6 frilled lizards
  2 jackal skeletons
  A jackal zombie (D:8)
  15 kobolds
  2 rats (D:1)
  A fungus (Elf:2)
  A plant (Depths:1)
776 creatures vanquished.

Vanquished Creatures (others)
  A deep elf annihilator (Elf:3)
  23 dancing weapons
  A deep elf knight (Elf:2)
  A water elemental (Elf:1)
  An orc warrior (Elf:3)
  25 fungi
  18 plants
70 creatures vanquished.

Grand Total: 846 creatures vanquished

Notes
Turn   | Place    | Note
-------+----------+-------------------------------------------
     0 | D:1      | Amnesiac the Vine Stalker Earth Elementalist began the quest for the Orb.
     0 | D:1      | Reached XP level 1. HP: 9/9 MP: 4/4
   317 | D:2      | Reached XP level 2. HP: 10/13 MP: 4/6
   323 | D:2      | Learned a level 2 spell: Passwall
   693 | D:2      | Found a basalt altar of Yredelemnul.
   874 | D:3      | Reached XP level 3. HP: 16/16 MP: 8/8
   963 | D:4      | Found a staircase to the Ecumenical Temple.
   968 | Temple   | Entered the Ecumenical Temple
   989 | Temple   | Became a worshipper of Gozag Ym Sagoz the Greedy
  1027 | D:4      | Noticed Edmund
  1261 | D:1      | Gained mutation: Your natural rate of healing is unusually fast. [Vine Stalker growth]
  1261 | D:1      | Reached XP level 4. HP: 21/21 MP: 9/9
  1966 | D:1      | Reached skill level 5 in Stealth
  2522 | D:3      | Reached XP level 5. HP: 24/24 MP: 10/10
  3406 | D:4      | Reached XP level 6. HP: 25/28 MP: 6/11
  3599 | D:4      | Learned a level 4 spell: Petrify
  3705 | D:5      | Entered Level 5 of the Dungeon
  3842 | D:5      | Found a stormy altar of Qazlal.
  3959 | D:5      | Reached XP level 7. HP: 32/32 MP: 13/13
  4011 | D:5      | Learned a level 5 spell: Lee's Rapid Deconstruction
  4216 | D:5      | Found a radiant altar of Vehumet.
  4218 | D:5      | Found a bloodstained altar of Trog.
  4762 | D:6      | Reached skill level 5 in Spellcasting
  4801 | D:6      | Reached skill level 5 in Earth Magic
  4908 | D:6      | Gained mutation: You have razor-sharp teeth. [Vine Stalker growth]
  4908 | D:6      | Reached XP level 8. HP: 36/36 MP: 3/17
  5290 | D:6      | Found a sparkling altar of Nemelex Xobeh.
  5702 | D:7      | Noticed Dowan
  5706 | D:7      | Noticed Duvessa
  5714 | D:7      | Reached XP level 9. HP: 39/39 MP: 13/20
  5718 | D:7      | Killed Dowan
  5730 | D:7      | Killed Duvessa
  6518 | D:8      | Noticed a two-headed ogre
  6538 | D:8      | Killed a two-headed ogre
  6538 | D:8      | Reached XP level 10. HP: 44/44 MP: 5/24
  6539 | D:8      | Noticed a two-headed ogre
  6557 | D:8      | Killed a two-headed ogre
  7060 | D:8      | Reached skill level 1 in Fighting
  7481 | D:9      | Noticed Erolcha
  7489 | D:9      | Killed Erolcha
  7489 | D:9      | Reached skill level 1 in Short Blades
  7733 | D:9      | Reached XP level 11. HP: 32/54 MP: 3/25
  7826 | D:9      | Found a staircase to the Orcish Mines.
  8615 | D:10     | Entered Level 10 of the Dungeon
  8634 | D:10     | Noticed Harold
  8801 | D:10     | Killed Harold
  8801 | D:10     | Reached skill level 5 in Fighting
  8876 | D:10     | Reached skill level 5 in Dodging
  9204 | D:10     | Found a staircase to the Lair.
  9357 | D:10     | Found an opulent altar of Gozag.
 10068 | Orc:1    | Entered Level 1 of the Orcish Mines
 10441 | Orc:2    | Entered Level 2 of the Orcish Mines
 10523 | Orc:2    | Noticed an orc sorcerer
 10546 | Orc:2    | Killed an orc sorcerer
 10565 | Orc:2    | Found a roughly hewn altar of Beogh.
 10574 | Orc:2    | Noticed Nessos
 10586 | Orc:2    | Killed Nessos
 10615 | Orc:2    | Found Zoothroig's Antique Armour Shoppe.
 10623 | Orc:2    | Noticed an orc sorcerer
 10629 | Orc:2    | Killed an orc sorcerer
 10650 | Orc:2    | Bought a pair of crude gloves for 237 gold pieces
 10655 | Orc:2    | Identified the cursed +0 pair of gloves of Cunadayv {rC+ rCorr Str+4} (You bought it in a shop on level 2 of the Orcish Mines)
 10695 | Orc:2    | Noticed an orc sorcerer
 10712 | Orc:2    | Found a frozen archway.
 10717 | IceCv    | Entered an ice cave
 10717 | IceCv    | Noticed a white ugly thing
 10719 | IceCv    | Gained mutation: You expend magic power (3 MP) to strengthen your wands. [potion of mutation]
 10719 | IceCv    | Gained mutation: You occasionally shout uncontrollably at your foes. [potion of mutation]
 10719 | IceCv    | Gained mutation: You are partially covered in slimy green scales. (AC +2) [potion of mutation]
 10738 | IceCv    | Found a transporter.
 10749 | IceCv    | Killed a white ugly thing
 10749 | IceCv    | Gained mutation: You heal very quickly. [Vine Stalker growth]
 10749 | IceCv    | Reached XP level 12. HP: 13/63 MP: 3/26
 10849 | IceCv    | Found a transporter.
 11235 | Orc:2    | Reached skill level 10 in Spellcasting
 11235 | Orc:2    | Reached skill level 10 in Earth Magic
 11473 | Orc:2    | Noticed an orc high priest
 11682 | Orc:2    | Killed an orc high priest
 11699 | Orc:2    | Found Nakoe's General Store.
 11733 | Orc:2    | Noticed Salmacis's ghost (journeyman FoFi)
 11796 | Orc:2    | Found Pepeheup's Antique Weapon Boutique.
 11810 | Orc:2    | Found a staircase to the Elven Halls.
 11865 | Orc:2    | Paralysed by an orc sorcerer for 2 turns
 11879 | Orc:1    | Noticed an orc high priest
 12099 | Orc:1    | Killed an orc high priest
 12342 | Orc:2    | Noticed a sun demon
 12527 | Orc:2    | Learned a level 6 spell: Iron Shot
 12694 | Orc:2    | Noticed an orc high priest
 12707 | Orc:2    | Noticed an orc warlord
 12743 | Orc:2    | Killed an orc warlord
 12743 | Orc:2    | Reached XP level 13. HP: 62/68 MP: 24/29
 12748 | Orc:2    | Noticed a stone giant
 12873 | Orc:2    | Killed a stone giant
 12891 | Orc:2    | Found Aliuxa Waic's Book Shoppe.
 13096 | Orc:1    | Learned a level 4 spell: Summon Lightning Spire
 13423 | Orc:2    | Bought the +5 rapier of Shrieking Terror {drain, Int+8} for 1008 gold pieces
 13999 | D:11     | Found a radiant altar of Vehumet.
 14029 | D:11     | Found Sidinne's Jewellery Shoppe.
 14039 | D:11     | Bought a +6 ring of protection for 1092 gold pieces
 14857 | D:13     | Learned a level 3 spell: Ozocubu's Armour
 15002 | D:13     | Found a gate to the Vaults.
 15002 | D:13     | Noticed a vault guard
 15002 | D:13     | Noticed a vault guard
 15002 | D:13     | Noticed a vault guard
 15002 | D:13     | Noticed a vault guard
 15018 | D:13     | Killed a vault guard
 15019 | D:13     | Killed a vault guard
 15032 | D:13     | Killed a vault guard
 15043 | D:13     | Killed a vault guard
 15192 | D:13     | Reached XP level 14. HP: 73/73 MP: 17/32
 15346 | D:13     | Noticed Urug
 15361 | D:13     | Killed Urug
 16701 | D:14     | Found a glowing golden altar of the Shining One.
 17110 | D:15     | Entered Level 15 of the Dungeon
 17485 | D:15     | Found an ancient bone altar of Kikubaaqudgha.
 17485 | D:15     | Found a sacrificial altar of Ru.
 17587 | D:15     | Noticed Agnes
 17592 | D:15     | Killed Agnes
 17669 | D:15     | Found a staircase to the Depths.
 17734 | D:15     | Found a hazy altar of Hepliaklqana.
 18137 | D:15     | Noticed a frost giant
 18149 | D:15     | Killed a frost giant
 18241 | D:15     | Reached XP level 15. HP: 68/77 MP: 13/34
 18252 | D:15     | Reached skill level 15 in Spellcasting
 18252 | D:15     | Reached skill level 15 in Earth Magic
 18361 | D:15     | Identified the Volume of Enchanting Translocation
 18640 | D:15     | Noticed a frost giant
 18710 | D:15     | Killed a frost giant
 18769 | D:15     | Noticed an iron dragon
 19082 | D:15     | Noticed a tengu reaver
 19094 | D:15     | Killed a tengu reaver
 19617 | D:15     | Got a steaming lapis lazuli ring
 19626 | D:15     | Learned a level 5 spell: Borgnjor's Vile Clutch
 19631 | D:15     | Identified the ring "Liprec" {AC+3 Str+3} (You found it on level 15 of the Dungeon)
 19954 | D:15     | Killed an iron dragon
 20373 | Elf:1    | Entered Level 1 of the Elven Halls
 20386 | Elf:1    | Reached skill level 10 in Fighting
 20840 | Orc:2    | Bought a manual of Short Blades for 1545 gold pieces
 21459 | Elf:1    | Reached skill level 5 in Short Blades
 21459 | Elf:1    | Reached XP level 16. HP: 86/86 MP: 18/36
 21756 | Elf:1    | Found Allingaps's Antique Weapon Boutique.
 21756 | Elf:1    | Found Buamiust's General Store.
 21756 | Elf:1    | Found Muunkoku's Weapon Shop.
 21863 | Elf:1    | Found Cydios's Jewellery Boutique.
 21869 | Elf:1    | Bought the amulet of the Air {Inacc +Fly rElec EV+5 RMsl} for 666 gold pieces
 21869 | Elf:1    | Found the amulet of the Air {Inacc +Fly rElec EV+5 RMsl}
 22220 | Elf:1    | Bought the ring of Xepoebb {Wiz MR+} for 596 gold pieces
 22419 | Elf:2    | Found Yliytt's Jewellery Boutique.
 22642 | Elf:2    | Reached skill level 10 in Short Blades
 23372 | Elf:2    | Found a huge runed gate.
 23372 | Elf:2    | Found a huge runed gate.
 23377 | Elf:2    | Found a huge runed gate.
 23912 | Elf:2    | Noticed a deep elf blademaster
 23919 | Elf:2    | Killed a deep elf blademaster
 24154 | Elf:2    | Reached skill level 10 in Dodging
 24621 | Elf:3    | Entered Level 3 of the Elven Halls
 24621 | Elf:3    | Noticed Saint Roka
 24877 | Elf:3    | Reached XP level 17. HP: 91/91 MP: 31/37
 25068 | Elf:3    | Killed Saint Roka
 25480 | Elf:3    | Noticed a deep elf master archer
 25494 | Elf:3    | Killed a deep elf master archer
 25645 | Elf:3    | Noticed a deep elf master archer
 25660 | Elf:3    | Noticed a deep elf blademaster
 25813 | Elf:3    | Killed a deep elf master archer
 25822 | Elf:3    | Killed a deep elf blademaster
 25981 | Elf:3    | Noticed an Executioner
 26034 | Elf:3    | Noticed a deep elf blademaster
 26039 | Elf:3    | Noticed a Tzitzimitl
 26048 | Elf:3    | Noticed a Hell Sentinel
 26054 | Elf:3    | Killed a deep elf blademaster
 26338 | Elf:3    | Found the +9 heavy crossbow "Sniper" {velocity, Acc+∞ SInv}
 26345 | Elf:3    | Identified the Reference Book on Good Luck and Snow
 26387 | Elf:3    | Got an ebony hand axe
 26391 | Elf:3    | Found the +2 Maxwell's thermic engine {flame, freeze, rF- rC-}
 26409 | Elf:3    | Got a transparent rapier
 26413 | Elf:3    | Identified the +7 rapier of Famine {vamp, rF+ Str+2} (You found it on level 3 of the Elven Halls)
 26466 | Elf:3    | Identified the Handbook of Transmigration
 26794 | Elf:1    | Bought a ration for 65 gold pieces
 26794 | Elf:1    | Bought a ration for 65 gold pieces
 26851 | Orc:2    | Learned a level 5 spell: Irradiate
 26864 | Orc:2    | Killed Salmacis's ghost
 26864 | Orc:2    | Reached XP level 18. HP: 67/98 MP: 3/38
 26989 | Orc:2    | Bought a ration for 90 gold pieces
 26989 | Orc:2    | Bought a ration for 90 gold pieces
 27301 | Depths:1 | Entered Level 1 of the Depths
 28606 | Depths:1 | Got a bone short sword
 28612 | Depths:1 | Identified the cursed +2 short sword "Uloenn" {drain, MR+ Dex+2} (You found it on level 1 of the Depths)
 28628 | Depths:1 | Identified a +2 pair of boots of running (You found it on level 3 of the Elven Halls)
 28693 | Depths:1 | Noticed a lich
 28704 | Depths:1 | Killed a lich
 28866 | Depths:1 | Found a gateway to Hell.
 29061 | Depths:1 | Learned a level 9 spell: Shatter
 29180 | Hell     | Entered the Vestibule of Hell
 29180 | Hell     | Noticed Geryon
 29208 | Hell     | Slain by a reaper

Vault maps used:
D:1:      dpeg_arrival_tiny_k
D:2:      mumra_celtic_spiral_tile, cheibriados_altar_1, lemuel_round_altar,
          kennysheep_potato
D:3:      st_stairs_13
D:4:      temple_doors_cd, first_ration, roderic_batcave, uniq_edmund
D:5:      nicolae_overflow_hidden_temple,
          chequers_temple_overflow_statue_of_worship
D:6:      nemelex_xobeh_ov_fountains_minmay
D:7:      uniq_duvessa
D:9:      david_orc_4, hangedman_fish_farm, uniq_erolcha
D:10:     david_lair_shrubbed, kb_lookout_dungeons_type, st_stairs_5,
          grunt_gozag_breadcrumbs, uniq_harold
D:11:     basic_altar, serial_shops, shop
D:13:     lightli_vaults_fourway_checkpoint, nrook_loot_triangle,
          lightli_fourway_metalbox, uniq_urug
D:14:     basic_altar, minmay_misc_feat_room
D:15:     hangedman_slaughterboxes, uniq_agnes
Temple:   lightli_temple_of_artemis
Orc:2:    grunt_orc_gardens, grunt_orc_garden, grunt_orc_garden,
          grunt_orc_garden, grunt_orc_garden, basic_altar,
          portal_ice_cave_entry_pillars_1, nooodl_orcs_dogs, uniq_nessos
Elf:1:    minmay_elf_arrival_circle, kennysheep_underground_church,
          minmay_shoptagon
Elf:2:    serial_shops, nicolae_shop_statue_plus, hangedman_elf_targetted_burst,
          serial_sigils_hangedman_gnaw, spider_trap
Elf:3:    elf_hall, minmay_misc_feat_pillars, corexii_leaking_fountain,
          uniq_saint_roka
Depths:1: grunt_hell_entry_demonic_statue, dispersion_dpeg
IceCv:    ice_cave_statue_garden_transporter

Skill      XL: |  1  2  3  4  5  6  7  8  9 10 11 12 13 14 15 16 17 18 |
---------------+-------------------------------------------------------+-----
Spellcasting   | 3 5 7 9 11 13 14 15 | 15.0
Stealth        | 4 5 7 8 |  8.0
Earth Magic    | 5 7 9 11 13 14 15 | 15.0
Shields        | 4 |  4.0
Fighting       | 4 7 8 10 11 12 | 12.6
Dodging        | 3 6 7 9 10 12 13 | 13.3
Short Blades   | 2 4 5 12 13 | 13.9
Transmutations | 4 |  4.1

Action                   |  1- 3 |  4- 6 |  7- 9 | 10-12 | 13-15 | 16-18 || total
-------------------------+-------+-------+-------+-------+-------+-------++-------
Melee: Unarmed           |    12 |       |       |       |       |       ||    12
       Dagger            |    39 |   228 |   233 |   485 |    34 |       ||  1019
       Bite              |    15 |    54 |    70 |   184 |   258 |   166 ||   747
       Staff             |       |       |       |    13 |       |       ||    13
       Rapier            |       |       |       |       |   666 |   479 ||  1145
Throw: Stone             |       |       |       |     1 |       |       ||     1
 Cast: Sandblast         |     9 |    17 |    21 |    51 |     5 |       ||   103
       Passwall          |     3 |     5 |     5 |    14 |    20 |    10 ||    57
       Petrify           |       |       |    18 |   124 |   139 |     8 ||   289
       Lee's Rapid Decon |       |       |    10 |    34 |    85 |   134 ||   263
       Iron Shot         |       |       |       |       |    30 |    58 ||    88
       Borgnjor's Vile C |       |       |       |       |       |    51 ||    51
       Irradiate         |       |       |       |       |       |     3 ||     3
Invok: Potion Petition   |       |       |       |     3 |       |     1 ||     4
Evoke: Wand              |       |       |       |    12 |       |       ||    12
  Use: Potion            |     1 |     1 |       |     9 |       |       ||    11
       Scroll            |       |       |       |    17 |     9 |     4 ||    30
 Stab: Sleeping          |     4 |    21 |    11 |    10 |    22 |     4 ||    72
       Petrified         |       |       |    20 |    96 |   132 |     5 ||   253
       Petrifying        |       |       |       |    20 |    26 |     2 ||    48
       Distracted        |       |       |       |     3 |     3 |     3 ||     9
       Confused          |       |       |       |       |       |     2 ||     2
  Eat: Chunk             |     1 |       |       |       |       |       ||     1
       Ration            |       |     3 |     4 |    11 |    10 |    11 ||    39
Armor: Robe              |    12 |    41 |    47 |    93 |   262 |    71 ||   526
       Skin              |       |       |       |    11 |       |       ||    11
Dodge: Dodged            |    32 |   165 |   131 |   333 |   450 |   295 ||  1406
       Deflected         |       |       |       |       |       |    14 ||    14
Block: Buckler           |       |       |       |    77 |   204 |    87 ||   368

Table legend:
 A = Spawn XP
 B = Non-spawn XP
 C = Spawn XP percentage of total XP
 D = Spawn monster count
 E = Non-spawn monster count
 F = Spawn count percentage of total count
 G = Total turns spent on level
                    A         B        C        D         E        F      G
               +---------+---------+-------+---------+---------+-------+---------
         Total |       0 |  287630 |   0.0 |       0 |     799 |   0.0 | 29208
               +---------+---------+-------+---------+---------+-------+---------
           D:1 |       0 |      71 |   0.0 |       0 |      32 |   0.0 |  1033
           D:2 |       0 |      43 |   0.0 |       0 |      11 |   0.0 |  1145
           D:3 |       0 |      91 |   0.0 |       0 |      17 |   0.0 |   816
           D:4 |       0 |     217 |   0.0 |       0 |      21 |   0.0 |   669
           D:5 |       0 |     577 |   0.0 |       0 |      20 |   0.0 |   969
           D:6 |       0 |    1173 |   0.0 |       0 |      31 |   0.0 |   996
           D:7 |       0 |    1645 |   0.0 |       0 |      24 |   0.0 |   817
           D:8 |       0 |    2857 |   0.0 |       0 |      26 |   0.0 |   969
           D:9 |       0 |    3363 |   0.0 |       0 |      33 |   0.0 |  1543
          D:10 |       0 |    3225 |   0.0 |       0 |      22 |   0.0 |  1374
          D:11 |       0 |    3124 |   0.0 |       0 |      24 |   0.0 |   655
          D:12 |       0 |    5861 |   0.0 |       0 |      41 |   0.0 |   660
          D:13 |       0 |   13188 |   0.0 |       0 |      48 |   0.0 |  1274
          D:14 |       0 |    6234 |   0.0 |       0 |      26 |   0.0 |  1100
          D:15 |       0 |   49869 |   0.0 |       0 |      86 |   0.0 |  3313
         Orc:1 |       0 |    2030 |   0.0 |       0 |      30 |   0.0 |  1083
         Orc:2 |       0 |   18507 |   0.0 |       0 |      78 |   0.0 |  2502
         Elf:1 |       0 |   22199 |   0.0 |       0 |      34 |   0.0 |  1715
         Elf:2 |       0 |   43887 |   0.0 |       0 |      62 |   0.0 |  2447
         Elf:3 |       0 |   65898 |   0.0 |       0 |      64 |   0.0 |  1968
      Depths:1 |       0 |   38463 |   0.0 |       0 |      57 |   0.0 |  1749
          Hell |       0 |    2266 |   0.0 |       0 |       2 |   0.0 |    28
         IceCv |       0 |    2842 |   0.0 |       0 |      10 |   0.0 |   341
               +---------+---------+-------+---------+---------+-------+---------
